 Dungeon Sprint DCSS version 0.30-a0-52-g86a8295270 (webtiles) character file.

Game seed: 16179145830151664600

51 rocky1 the Slasher (level 3, -1/52 HPs)
             Began as a Minotaur Gladiator on Sept 7, 2022.
             Was an Initiate of Gozag.
             Slain by a gnoll
             ... wielding a +0 club
             ... led by a gnoll sergeant
              (3 damage)
             ... in the Dungeon (Sprint VII: "The Pits").
             The game lasted 00:01:00 (153 turns).

rocky1 the Slasher (Minotaur Gladiator)              Turns: 153, Time: 00:01:00

Health: -1/52      AC:  3    Str: 18    XL:     3   Next: 57%
Magic:  2/2        EV: 13    Int:  5    God:    Gozag
Gold:   216        SH:  0    Dex: 13    Spells: 2/2 levels left

rFire   . . .      SeeInvis .    a - +0 long sword
rCold   . . .      Faith    .    (no shield)
rNeg    . . .      Spirit   .    b - +0 leather armour
rPois   .          Reflect  .    c - +0 hat
rElec   .          Harm     .    (no cloak)
rCorr   .          Rampage  .    (no gloves)
Will    .....      NoTele   +    (no boots)
Stlth   ..........               (no amulet)
HPRegen 0.17/turn                (no ring)
MPRegen 0.08/turn                (no ring)

@: berserking, gold aura, very quick
A: horns 2, retaliatory headbutt
a: Renounce Religion, Potion Petition, Call Merchant, Bribe Branch


You were in the Dungeon.
You worshipped Gozag.
Gozag was aware of your devotion.
You visited 1 branch You collected 216 gold pieces.

Inventory:

Hand Weapons
 a - a +0 long sword (weapon)
Missiles
 d - 3 throwing nets (quivered)
 e - a javelin
Armour
 b - a +0 leather armour (worn)
 c - a +0 hat (worn)
Scrolls
 k - a scroll of blinking
 m - 5 scrolls of amnesia
 n - a scroll of summoning
Potions
 f - a potion of curing
 g - a potion of heal wounds
 h - a potion of haste
 i - 4 potions of magic
 j - 2 potions of berserk rage
 l - 2 potions of invisibility


   Skills:
 + Level 4.8 Fighting
 + Level 5.5 Long Blades
 - Level 2.0 Throwing
 + Level 4.0 Armour
 + Level 5.0 Dodging


You had 2 spell levels left.
You didn't know any spells.
Your spell library was empty.

Dungeon Overview and Level Annotations

Branches:
Dungeon (1/1)

Altars:
Ashenzari
Cheibriados
Dithmenos
Elyvilon
Fedhas
Gozag
Hepliaklqana
Kikubaaqudgha
Makhleb
Nemelex Xobeh
Okawaru
Qazlal
Ru
Sif Muna
Trog
Uskayaw
Vehumet
Wu Jian
Xom
Yredelemnul
Zin
The Shining One
Jiyva
Lugonu


Innate Abilities, Weirdness & Mutations

You have a pair of horns on your head.
You reflexively headbutt those who attack you in melee.


Message History

The gnoll hits you with a +0 club.
A gnoll sergeant comes into view. It is wielding a +0 trident.
You slash the gnoll!
You kill the gnoll!
The giant cockroach bites you but does no damage.
The giant cockroach closely misses you. You furiously retaliate!
You headbutt the giant cockroach.
You kill the giant cockroach!
Your Dodging skill increases to level 5!
A red film seems to cover your vision as you go berserk!
You feel yourself moving faster!
You feel mighty!
The gnoll shouts!
The gnoll sergeant barely misses you.
You slash the endoplasm!
You kill the endoplasm!
The gnoll sergeant hits you from afar with a +0 trident!
Your Armour skill increases to level 4!
There is an open door here.
Things that are here:
261 gold pieces; a +0 club You slash the gnoll sergeant!
The gnoll sergeant is heavily wounded.
The gnoll sergeant is distracted by your dazzling golden aura.
The gnoll hits you with a +0 club.
You hit the gnoll sergeant.
The gnoll sergeant is no longer distracted by gold.
The gnoll sergeant is severely wounded.
The gnoll hits you with a +0 club.
The gnoll sergeant hits you with a +0 trident!
You barely miss the gnoll sergeant.
The gnoll sergeant is severely wounded.
The gnoll sergeant hits you with a +0 trident!
* * * LOW HITPOINT WARNING * * *
The gnoll barely misses you.
You hit the gnoll sergeant.
The gnoll sergeant is almost dead.
The gnoll sergeant is distracted by your dazzling golden aura.
The gnoll hits you with a +0 club.
You die...
Your body crumbles into a pile of gold.

##########.##..........
#.....).....'..........
#+#####'#####......#..#
#.....# #..........
#.....# ####'#####+
###)### #.......#
#.....# #.......#
#..$.$# #.......#
####@## #...<...#
#...gg...##.......#
#........##.......#
###########.......#
#########


You could see a gnoll sergeant (unaware) and a gnoll.

Vanquished Creatures
  4 gnolls (D)
  An adder skeleton (D)
  2 orcs (D)
  An endoplasm (D)
  A giant cockroach (D)
  A frilled lizard (D)
  A quokka skeleton (D)
11 creatures vanquished.

Notes
Turn   | Place    | Note
-------+----------+-------------------------------------------
     0 | D        | rocky1 the Minotaur Gladiator began the quest for the Orb.
     0 | D        | Reached XP level 1. HP: 18/18 MP: 0/0
    15 | D        | Reached skill level 1 in Armour
    19 | D        | Found a bloodstained altar of Trog.
    19 | D        | Found a shimmering blue altar of Sif Muna.
    19 | D        | Found a viscous altar of Jiyva.
    19 | D        | Found a hazy altar of Hepliaklqana.
    19 | D        | Found an opulent altar of Gozag.
    20 | D        | Found a glowing golden altar of the Shining One.
    20 | D        | Found a glowing silver altar of Zin.
    20 | D        | Found a basalt altar of Yredelemnul.
    20 | D        | Found a shimmering altar of Xom.
    20 | D        | Found an ornate altar of the Wu Jian Council.
    20 | D        | Found a sacrificial altar of Ru.
    20 | D        | Found a stormy altar of Qazlal.
    20 | D        | Found an iron altar of Okawaru.
    20 | D        | Found a sparkling altar of Nemelex Xobeh.
    20 | D        | Found a burning altar of Makhleb.
    20 | D        | Found a blossoming altar of Fedhas.
    20 | D        | Found a white marble altar of Elyvilon.
    20 | D        | Found a shadowy altar of Dithmenos.
    20 | D        | Found a snail-covered altar of Cheibriados.
    24 | D        | Found a corrupted altar of Lugonu.
    24 | D        | Found a radiant altar of Vehumet.
    25 | D        | Found a broken altar of Ashenzari.
    25 | D        | Found an ancient bone altar of Kikubaaqudgha.
    25 | D        | Found a hide-covered altar of Uskayaw.
    27 | D        | Became a worshipper of Gozag Ym Sagoz the Greedy
    72 | D        | Reached XP level 2. HP: 21/26 MP: 1/1
   141 | D        | Reached skill level 5 in Long Blades
   143 | D        | Reached XP level 3. HP: 34/34 MP: 2/2
   146 | D        | Noticed a gnoll sergeant
   147 | D        | Reached skill level 5 in Dodging
   152 | D        | HP: 2/52 [gnoll sergeant/+0 trident (15)]
   153 | D        | Slain by a gnoll

Illustrated notes

Levels and vault maps discovered:
D:        pitsprint [storerooms_1, entrance_room_1, metal_vault_3, armoury_3,
          mini_pit_1, grid_room_1, main_hall_1, silver_pit, the_coven_3,
          the_vestibule_1, steel_vault_5, golden_pit, hallway_of_sentries,
          crystal_vault_2, iron_vault_3, final_vault]

Skill      XL: |  1  2  3 |
---------------+----------+-----
Fighting       | 3 4 |  4.8
Long Blades    | 4 5 |  5.5
Armour         | 2 3 4 |  4.0
Dodging        | 4 5 |  5.0
Throwing       | |  2.0

Action                   || total
-------------------------++-------
Melee: Long sword        ||    19
       Headbutt          ||     6
  Use: Potion            ||     1
Armor: Leather armour    ||     4
Dodge: Dodged            ||     8

Table legend: (Time is in decaauts)
 A = Elapsed time spent in this place.
 B = Non-inter-level travel time spent in this place.
 C = Inter-level travel time spent in this place.
 D = Time resting spent in this place.
 E = Time spent auto-exploring this place.
 F = Levels seen in this place.
 G = Mean time per level.
                   A        B        C        D        E       F      G
               +--------+--------+--------+--------+--------+-----+--------+
         Total |    154 |    154 |      0 |     50 |      0 |   1 |  154.0 |
       Dungeon |    154 |    154 |      0 |     50 |      0 |   1 |  154.0 |
               +--------+--------+--------+--------+--------+-----+--------+

Top non-repeatable levels by time:
       D: 154 daAuts
